 Dungeon Crawl Stone Soup version bcrawl-1.19.2-6-g6a88ae04c9 (webtiles) character file.

Game seed: 4661694340242427715

5550 Freyura the Cruncher (level 10, -12/81 HPs)
             Began as a Demonspawn Gladiator on Jan 2, 2020.
             Was a Believer of Ashenzari.
             Mangled by a freezing wraith (22 damage)
             ... on level 7 of the Dungeon.
             The game lasted 00:29:24 (7445 turns).

Freyura the Cruncher (Demonspawn Gladiator)         Turns: 7445, Time: 00:29:25

Health: -12/81     AC: 13    Str: 15    XL:     10   Next: 44%
Magic:  10/10      EV: 13    Int: 10    God:    Ashenzari [**....]
Gold:   341        SH:  0    Dex: 17    Spells: 9/9 levels left

rFire    . . .     SeeInvis .   a - +0 quarterstaff (curse)
rCold    . . .     Gourm    .   (shield currently unavailable)
rNeg     . . .     Faith    .   m - +2 scale mail {rPois} (curse)
rPois    +         Spirit   .   c - +2 helmet (curse)
rElec    .         Reflect  .   (no cloak)
rCorr    .         Harm     .   (no gloves)
MR       +....                  (no boots)
Stlth    ..........             w - amulet of the acrobat
HPRegen  0.23/turn              h - ring of protection from magic (curse)
MPRegen  0.12/turn              b - +2 ring of slaying (curse)

@: no status effects
A: claws 1, rugged brown scales 1, powered by death 1, spiny 2
a: Curse Item, Scrying, Renounce Religion


You were on level 7 of the Dungeon.
You worshipped Ashenzari.
Ashenzari was pleased with you.
You were not hungry.

You visited 2 branches of the dungeon, and saw 9 of its levels.
You also visited: Sewer.

You collected 341 gold pieces.

Inventory:

Hand Weapons
 a - a cursed +0 quarterstaff (weapon)
Missiles
 d - 3 throwing nets (quivered) {!f}
Armour
 c - a cursed +2 helmet (worn)
 m - a cursed +2 scale mail of poison resistance (worn)
Jewellery
 b - a cursed +2 ring of slaying (right claw)
 h - a cursed ring of protection from magic (left claw)
 n - an uncursed ring of protection from magic
 r - an uncursed amulet of regeneration
 w - an amulet of the acrobat (around neck)
 A - a +3 amulet of reflection
Wands
 i - a wand of acid (8)
 o - a wand of random effects (9)
 D - a wand of digging (11)
Scrolls
 u - 2 scrolls of blinking
 v - a scroll of magic mapping
 x - a scroll of fear
 y - a scroll of enchant armour
Potions
 e - 2 potions of heal wounds
 g - 2 potions of brilliance
 j - 4 potions of curing
 k - a potion of ambrosia
 l - 3 potions of flight
 p - a potion of resistance {unknown}
 q - a potion of degeneration {unknown}
 s - 2 potions of mutation {unknown}
 t - a potion of berserk rage {unknown}
 z - a potion of magic {unknown}
 B - a potion of lignification {unknown}
 C - a potion of might {unknown}
Comestibles
 f - 12 rations {!d}


   Skills:
 + Level 7.2 Fighting
 * Level 9.6(12.4) Staves
 - Level 1.7 Throwing
 + Level 6.2 Armour
 + Level 6.9 Dodging


You had 9 spell levels left.
You didn't know any spells.
Your spell library was empty.

Dungeon Overview and Level Annotations

Branches:
Dungeon (8/12)             Temple (1/1) D:4            Lair (0/6) D:7
    Orc (0/1) D:8

Altars:
Ashenzari
Dithmenos
Elyvilon
Fedhas
Gozag
Hepliaklqana
Kikubaaqudgha
Lugonu
Nemelex Xobeh
Okawaru
Qazlal
Ru
Sif Muna
Trog
Uskayaw
Wu Jian
Yredelemnul
Zin
The Shining One

Shops:
D:3 *   D:4 *   D:5 !


Innate Abilities, Weirdness & Mutations

You have sharp fingernails.
You are partially covered in rugged brown scales. (AC +1, +3% HP)
You regenerate a little health from kills.
You are mostly covered in sharp spines.


Message History

The freezing wraith hits you but does no damage.
You sock the freezing wraith!
The freezing wraith is severely damaged.
You barely miss the freezing wraith.
The freezing wraith is severely damaged.
The freezing wraith hits you but does no damage.
The freezing wraith barely misses you.
You hit the freezing wraith but do no damage.
The freezing wraith is severely damaged.
The freezing wraith hits you. The freezing wraith freezes you!!
* * * LOW HITPOINT WARNING * * *
The freezing wraith completely misses you.
You thump the freezing wraith!
The freezing wraith is almost destroyed.
You closely miss the freezing wraith.
The freezing wraith is almost destroyed.
The freezing wraith hits you!
* * * LOW HITPOINT WARNING * * *
The freezing wraith freezes you!!
You die...

.....)..#..#.#..#.####.# #.# #
###.##..'...#...#.# #.# #.# #
.....#..'.......#.# #.# #.# #
....#.#)'...#...#.# #.#####.#
# p...##)[#..#.#..#.#
#.....#.# #
..#####[#.......#.# #####.#.#
#
....#...#########.########p#.#
#
....#...........W.......pp.#.#
#
....#.......###>@..........#.#
# ....#.......#
#............#.# #
....#.......# #........P♣..#.#
# p...#.......#
#......p..P..#.####
.P.......####
#.........♣........ .P.......#
#.......p.PP..#.... P.P.P....#
#########.......##p #P.......#
###########..######.
#........#
#...................


You could see a freezing wraith and 2 neutral freed slaves.

Vanquished Creatures
  The ghost of KrisU the Covert, a novice OpRg of Dithmenos (D:7)
  Pikel (D:7)
  2 trolls (D:7)
  Grinder (D:5)
  A hippogriff (D:7)
  Sigmund (D:6)
  A vampire mosquito (D:7)
  Edmund (D:6)
  A crocodile (D:7)
  Duvessa (D:5)
  2 porcupines (D:6)
  4 orc warriors
  2 ice beasts (D:7)
  3 sky beasts
  3 black bears
  4 ogres
  A slave (D:7)
  A centaur (D:5)
  2 big kobolds
  Blork the orc (D:5)
  3 bullfrogs
  Dowan (D:5)
  2 scorpions
  A crimson imp (D:6)
  5 hounds
  A jelly (D:6)
  2 orc priests
  4 bullfrog skeletons
  2 centaur skeletons
  A gnoll shaman (D:7)
  Terence (D:3)
  4 orc wizards
  6 worker ants
  2 hound zombies
  A howler monkey zombie (D:7)
  A worker ant zombie (D:7)
  3 gnolls (D:7)
  6 river rats
  11 adders
  A shadow imp (D:5)
  An ooze (D:3)
  6 worms
  2 dart slugs (D:1)
  5 leopard geckos
  24 orcs
  4 giant cockroaches
  4 goblins
  8 hobgoblins
  10 jackals
  12 kobolds
  4 quokkas
  2 ball pythons (D:1)
  3 bats
  6 frilled lizards
  A jackal skeleton (D:5)
  A leopard gecko zombie (D:5)
  A quokka skeleton (D:4)
  8 rats
194 creatures vanquished.

Vanquished Creatures (others)
  A worker ant zombie (D:7)
  An adder skeleton (D:7)
  4 fungi (D:7)
  3 plants (D:7)
9 creatures vanquished.

Grand Total: 203 creatures vanquished

Notes
Turn   | Place    | Note
-------+----------+-------------------------------------------
     0 | D:1      | Freyura the Demonspawn Gladiator began the quest for the
                  | Orb.
     0 | D:1      | Reached XP level 1. HP: 16/16 MP: 1/1
   226 | D:1      | Gained mutation: You have sharp fingernails. [demonic
                  | ancestry]
   226 | D:1      | Reached XP level 2. HP: 21/22 MP: 2/2
   356 | D:1      | Reached skill level 3 in Staves
   841 | D:1      | Gained mutation: You are partially covered in sharp spines.
                  | [demonic ancestry]
   841 | D:1      | Reached XP level 3. HP: 26/28 MP: 3/3
   948 | D:1      | Reached skill level 1 in Armour
  2215 | D:3      | Reached XP level 4. HP: 14/34 MP: 4/4
  2474 | D:3      | Found Gozag's Platinum Reserve.
  2474 | D:3      | Noticed Terence
  2511 | D:3      | Reached XP level 5. HP: 21/40 MP: 5/5
  2513 | D:3      | Reached skill level 4 in Staves
  2602 | D:3      | Found a glowing drain.
  2613 | Sewer    | Entered a sewer
  2922 | Sewer    | Gained mutation: You regenerate a little health from kills.
                  | [demonic ancestry]
  2922 | Sewer    | Reached XP level 6. HP: 34/47 MP: 6/6
  3064 | Sewer    | Found a glowing silver altar of Zin.
  3139 | D:3      | Found an opulent altar of Gozag.
  3198 | D:3      | Killed Terence
  3315 | D:3      | Found a glowing golden altar of the Shining One.
  3713 | D:4      | Reached skill level 5 in Staves
  3713 | D:4      | Gained mutation: You are mostly covered in sharp spines.
                  | [demonic ancestry]
  3713 | D:4      | Reached XP level 7. HP: 37/53 MP: 7/7
  3800 | D:4      | Found a hide-covered altar of Uskayaw.
  3937 | D:4      | Found a shadowy altar of Dithmenos.
  3940 | D:4      | Found a corrupted altar of Lugonu.
  3970 | D:4      | Found Fuppo's Assorted Antiques.
  4002 | D:4      | Found a staircase to the Ecumenical Temple.
  4009 | Temple   | Entered the Ecumenical Temple
  4198 | Temple   | Became a worshipper of Ashenzari the Shackled
  4233 | D:4      | Found a stormy altar of Qazlal.
  4330 | D:5      | Entered Level 5 of the Dungeon
  4358 | D:5      | Noticed Grinder
  4371 | D:5      | Killed Grinder
  4508 | D:5      | Found a white marble altar of Elyvilon.
  4542 | D:5      | Reached skill level 6 in Staves
  4542 | D:5      | Reached XP level 8. HP: 61/61 MP: 8/8
  4566 | D:5      | Noticed Blork the orc
  4578 | D:5      | Killed Blork the orc
  4836 | D:5      | Noticed Dowan
  4846 | D:5      | Killed Dowan
  4846 | D:5      | Reached skill level 5 in Fighting
  4846 | D:5      | Reached skill level 5 in Dodging
  4847 | D:5      | Noticed Duvessa
  4864 | D:5      | Killed Duvessa
  4957 | D:5      | Reached * piety under Ashenzari
  5060 | D:5      | Found Paaxaryhi's Distillery.
  5318 | D:6      | Identified the +3 quarterstaff of Cus Adghe {holy, rN+}
  5417 | D:6      | Reached skill level 7 in Staves
  5594 | D:6      | Noticed Edmund
  5605 | D:6      | Gained mutation: You are partially covered in rugged brown
                  | scales. (AC +1, +3% HP) [demonic ancestry]
  5605 | D:6      | Reached XP level 9. HP: 54/70 MP: 9/9
  5625 | D:6      | Killed Edmund
  5797 | D:6      | Noticed Sigmund
  5806 | D:6      | Killed Sigmund
  5990 | D:6      | Reached skill level 5 in Armour
  6071 | D:6      | Reached skill level 8 in Staves
  6134 | D:7      | Found a runed translucent gate.
  6136 | D:7      | Found a runed translucent gate.
  6136 | D:7      | Noticed KrisU's ghost (novice OpRg)
  6137 | D:7      | Found a runed translucent gate.
  6478 | D:7      | Noticed Pikel
  6516 | D:7      | Killed Pikel
  6546 | D:7      | Noticed a troll
  6559 | D:7      | Killed a troll
  6559 | D:7      | Reached XP level 10. HP: 48/79 MP: 10/10
  6572 | D:7      | Reached skill level 9 in Staves
  6589 | D:7      | Killed KrisU's ghost
  6650 | D:7      | Found a staircase to the Lair.
  6915 | D:7      | Reached ** piety under Ashenzari
  7445 | D:7      | Mangled by a freezing wraith

Skill      XL: |  1  2  3  4  5  6  7  8  9 10 |
---------------+-------------------------------+-----
Staves         | 3 4 5 6 7 8 9 |  9.6
Armour         | 1 2 3 4 5 6 |  6.2
Dodging        | 3 4 5 6 |  6.9
Fighting       | 3 4 5 6 7 |  7.2
Throwing       | |  1.7

Action                   |  1- 3 |  4- 6 |  7- 9 | 10-12 || total
-------------------------+-------+-------+-------+-------++-------
Melee: Quarterstaff      |   113 |   137 |   264 |    97 ||   611
Invok: Curse Item        |       |       |     4 |       ||     4
  Use: Scroll            |     7 |     2 |     5 |     1 ||    15
       Potion            |       |     1 |       |     2 ||     3
 Stab: Sleeping          |     1 |       |       |       ||     1
  Eat: Chunk             |     4 |     5 |     6 |     1 ||    16
       Ration            |       |       |     1 |     1 ||     2
Armor: Leather armour    |    22 |       |       |       ||    22
       Ring mail         |     6 |    24 |       |       ||    30
       Scale mail        |       |    20 |    96 |    26 ||   142
Dodge: Dodged            |    62 |   104 |   158 |    59 ||   383
